 Dungeon Sprint DCSS version 0.31-a0-18-gea43df2a32 (webtiles) character file.

Game seed: 3239742363279865326

1208 bmack86 the Fighter (level 8, 0/129 HPs)
             Began as a Minotaur Berserker on May 10, 2023.
             Was an Elder of Trog.
             Slain by a demonic crawler (6 damage)
             ... in the Dungeon (Sprint I: "Red Sonja").
             The game lasted 00:05:16 (440 turns).

bmack86 the Fighter (Minotaur Berserker)             Turns: 440, Time: 00:05:17

Health: 0/129      AC:  8    Str: 24    XL:     8   Next: 21%
Magic:  7/7        EV:  9    Int:  4    God:    Trog [****..]
Gold:   431        SH:  0    Dex: 10    Spells: 7/7 levels left

rFire   . . .        m - +2 scythe (flame)
rCold   . . .        (shield currently unavailable)
rNeg    . . .        l - +0 chain mail
rPois   .            (helmet restricted)
rElec   .            (no cloak)
rCorr   .            (no gloves)
SInv    .            (no boots)
Will    .....        (no amulet) Stlth
                     (no ring)
HPRegen 0.41/turn    (no ring)
MPRegen 0.10/turn

%: no teleportation
@: berserking, hasted, very quick
A: horns 2, retaliatory headbutt
a: Renounce Religion, Berserk, Trog's Hand, Brothers in Arms


You were in the Dungeon.
You worshipped Trog.
Trog was greatly pleased with you.
You visited 1 branch You collected 431 gold pieces.

Inventory:

Hand Weapons
 a - a +0 hand axe
 k - a +2 dagger of speed
 m - a +2 scythe of flaming (weapon)
Armour
 b - a +0 animal skin
 l - a +0 chain mail (worn)
Wands
 i - a wand of mindburst (13) (quivered)
Scrolls
 h - a scroll of blinking
Potions
 c - a potion of curing
 d - a potion of heal wounds
 f - 2 potions of magic
 g - a potion of berserk rage


   Skills:
 + Level 13.3 Fighting
 - Level 9.8 Short Blades
 - Level 6.1(10.3) Axes
 * Level 12.8(13.3) Polearms
 - Level 2.4 Armour
 - Level 2.1 Dodging


You had 7 spell levels left.
You didn't know any spells.
Your spell library was empty.

Dungeon Overview and Level Annotations

Branches:
Dungeon (1/1)

Altars:
Cheibriados
Dithmenos
Elyvilon
Fedhas
Gozag
Hepliaklqana
Kikubaaqudgha
Makhleb
Nemelex Xobeh
Okawaru
Qazlal
Ru
Sif Muna
Trog
Uskayaw
Vehumet
Wu Jian
Xom
Yredelemnul
Zin
The Shining One
Jiyva
Lugonu

Shops:
D [


Innate Abilities, Weirdness & Mutations

You have a pair of horns on your head.
You reflexively headbutt those who attack you in melee.


Message History

The white imp disappears in a puff of smoke! x3
Your Fighting skill increases to level 13!
Your base Polearms skill increases to level 12!
You have reached level 8!
You feel stronger.
Things that are here:
a +0 dagger; a +0 robe It was a potion of cancellation.
You feel magically purged.
You feel yourself speed up.
As you open the door, it creaks loudly! 4 demonic crawlers come into view.
The demonic crawler gives a hideous shriek! x3
A red film seems to cover your vision as you go berserk!
You feel yourself moving faster!
You feel mighty! The demonic crawler hits you! x2
The demonic crawler hits you.
You slice the demonic crawler!! You burn the demonic crawler!
The demonic crawler is severely wounded.
The demonic crawler hits you! x2
The demonic crawler hits you but does no damage.
You barely miss the demonic crawler.
The demonic crawler is heavily wounded.
You barely miss the demonic crawler. You headbutt the demonic crawler!
The demonic crawler is severely wounded.
The demonic crawler barely misses you. You furiously retaliate!
You headbutt the demonic crawler! The demonic crawler hits you.
The demonic crawler closely misses you. The demonic crawler hits you. x2
The demonic crawler hits you! x2
* * * LOW HITPOINT WARNING * * *
The demonic crawler hits you!
* * * LOW HITPOINT WARNING * * *
The demonic crawler hits you!
* * * LOW HITPOINT WARNING * * *
There is an open door here.
You slash the demonic crawler! You burn the demonic crawler.
You headbutt the demonic crawler!
The demonic crawler is moderately wounded.
The demonic crawler hits you.
* * * LOW HITPOINT WARNING * * *
The demonic crawler hits you.
You die...

#################
#..'..#__#..')..#
'[.#..'..'..#).s##+#
#####'#__####...@ss#
#...#[#### #####s.+
#..##.# +## ##'#_.+
.†..._# ##_.#'#
###+#.# # ###


You could see 4 demonic crawlers.

Vanquished Creatures
  2 kobold demonologists (D)
  A slime creature (D)
  Sigmund (D)
  A yak (D)
  A floating eye (D)
  An ogre (D)
  A jelly (D)
  Ijyb (D)
9 creatures vanquished.

Notes
Turn   | Place    | Note
-------+----------+-------------------------------------------
     0 | D        | bmack86 the Minotaur Berserker began the quest for the Orb.
     0 | D        | Reached XP level 1. HP: 19/19 MP: 0/0
     2 | D        | Noticed Ijyb
     8 | D        | Killed Ijyb
     9 | D        | Reached skill level 6 in Fighting
     9 | D        | Reached XP level 2. HP: 28/30 MP: 1/1
    55 | D        | Noticed an ogre
    58 | D        | Killed an ogre
    59 | D        | Reached skill level 7 in Fighting
    59 | D        | Reached XP level 3. HP: 38/40 MP: 2/2
    59 | D        | Reached XP level 4. HP: 46/48 MP: 3/3
    98 | D        | Noticed Sigmund
   112 | D        | Killed Sigmund
   112 | D        | Reached ** piety under Trog
   113 | D        | Reached skill level 9 in Fighting
   113 | D        | Reached XP level 5. HP: 18/58 MP: 4/4
   113 | D        | Reached XP level 6. HP: 21/66 MP: 5/5
   259 | D        | Found a burning altar of Makhleb.
   259 | D        | Found a viscous altar of Jiyva.
   259 | D        | Found a shimmering altar of Xom.
   259 | D        | Found a corrupted altar of Lugonu.
   259 | D        | Noticed a slime creature
   265 | D        | Killed a slime creature
   266 | D        | Reached skill level 11 in Fighting
   268 | D        | Found an ornate altar of the Wu Jian Council.
   268 | D        | Found a shimmering blue altar of Sif Muna.
   270 | D        | Found a radiant altar of Vehumet.
   310 | D        | Found Detzoet's Antique Armour Emporium.
   310 | D        | Found an ancient bone altar of Kikubaaqudgha.
   310 | D        | Found a hazy altar of Hepliaklqana.
   310 | D        | Found a stormy altar of Qazlal.
   310 | D        | Found a hide-covered altar of Uskayaw.
   310 | D        | Found a blossoming altar of Fedhas.
   310 | D        | Found a bloodstained altar of Trog.
   310 | D        | Found an iron altar of Okawaru.
   310 | D        | Found a basalt altar of Yredelemnul.
   310 | D        | Found a glowing golden altar of the Shining One.
   310 | D        | Found a snail-covered altar of Cheibriados.
   310 | D        | Found a sacrificial altar of Ru.
   310 | D        | Found a glowing silver altar of Zin.
   310 | D        | Found a shadowy altar of Dithmenos.
   310 | D        | Found a white marble altar of Elyvilon.
   310 | D        | Noticed a yak
   315 | D        | Killed a yak
   316 | D        | Reached XP level 7. HP: 50/75 MP: 6/6
   316 | D        | Found an opulent altar of Gozag.
   317 | D        | Found a sparkling altar of Nemelex Xobeh.
   418 | D        | Noticed a kobold demonologist
   418 | D        | Noticed a kobold demonologist
   422 | D        | Reached *** piety under Trog
   423 | D        | Reached skill level 12 in Fighting
   423 | D        | Reached skill level 10 in Polearms
   423 | D        | Killed a kobold demonologist
   427 | D        | Killed a kobold demonologist
   427 | D        | Reached **** piety under Trog
   428 | D        | Reached skill level 13 in Fighting
   428 | D        | Reached XP level 8. HP: 75/86 MP: 7/7
   434 | D        | Noticed a demonic crawler
   434 | D        | Noticed a demonic crawler
   434 | D        | Noticed a demonic crawler
   434 | D        | Noticed a demonic crawler
   440 | D        | HP: 6/129 [demonic crawler (5)]
   440 | D        | Slain by a demonic crawler

Illustrated notes

Levels and vault maps discovered:
D:        dungeon_sprint_1 [red_sonja_temple_1, red_sonja_temple_small_1]

Skill      XL: |  1  2  3  4  5  6  7 |
---------------+----------------------+-----
Fighting       | 6 7 9 11 13 | 13.3
Axes           | 6 |  6.1
Short Blades   | 6 9 |  9.8
Polearms       | 9 12 | 12.8
Armour         | |  2.4
Dodging        | |  2.1

Action                     |  1- 3 |  4- 6 |  7- 9 || total
---------------------------+-------+-------+-------++-------
  Melee: Hand axe          |     4 |       |       ||     4
         Headbutt          |     3 |     6 |     4 ||    13
         Punch             |     1 |       |       ||     1
         Dagger            |     2 |     7 |       ||     9
         Halberd           |       |    12 |    11 ||    23
 Invoke: Berserk           |     2 |     2 |     1 ||     5
    Use: Potion            |       |       |     2 ||     2
 Armour: Chain mail        |       |     4 |     6 ||    10
  Dodge: Dodged            |       |     3 |     4 ||     7

Table legend: (Time is in decaauts)
 A = Elapsed time spent in this place.
 B = Non-inter-level travel time spent in this place.
 C = Inter-level travel time spent in this place.
 D = Time resting spent in this place.
 E = Time spent auto-exploring this place.
 F = Levels seen in this place.
 G = Mean time per level.
                   A        B        C        D        E       F      G
               +--------+--------+--------+--------+--------+-----+--------+
         Total |    475 |    475 |      0 |    273 |      0 |   1 |  475.0 |
       Dungeon |    475 |    475 |      0 |    273 |      0 |   1 |  475.0 |
               +--------+--------+--------+--------+--------+-----+--------+

Top non-repeatable levels by time:
       D: 475 daAuts
